 Dungeon Crawl Stone Soup version 0.30.0-30-g96aa6591b8 (webtiles) character file.

Game seed: 11209390256203712537

435 Peloso the Slasher (level 6, -3/53 HPs)
             Began as a Minotaur Fighter on June 27, 2023.
             Slain by an ogre
             ... wielding a +0 giant club
              (20 damage)
             ... on level 4 of the Dungeon.
             The game lasted 00:04:33 (2822 turns).

Peloso the Slasher (Minotaur Fighter)               Turns: 2822, Time: 00:04:33

Health: -3/53      AC:  7    Str: 21    XL:     6   Next: 68%
Magic:  5/5        EV: 10    Int:  5    God:
Gold:   210        SH:  5    Dex: 11    Spells: 5/5 levels left

rFire   . . .        a - +0 long sword (heavy)
rCold   . . .        k - +0 buckler
rNeg    . . .        c - +0 scale mail
rPois   .            (helmet restricted)
rElec   .            (no cloak)
rCorr   .            (no gloves)
SInv    +            (no boots)
Will    +....        (no amulet) Stlth
                     j - ring of willpower
HPRegen 0.28/turn    h - ring of see invisible
MPRegen 0.09/turn

%: no passive effects
@: no status effects
A: horns 2, retaliatory headbutt
a: no special abilities


You were on level 4 of the Dungeon.
You visited 1 branch of the dungeon, and saw 4 of its levels.

You collected 210 gold pieces.

Inventory:

Hand Weapons
 a - a +0 heavy long sword (weapon)
 b - a +0 long sword
Armour
 c - a +0 scale mail (worn)
 k - a +0 buckler (worn)
Jewellery
 g - a ring of protection from cold
 h - a ring of see invisible (right hand)
 j - a ring of willpower (left hand)
Scrolls
 e - 5 scrolls of identify
 f - 2 scrolls of amnesia {unknown}
 i - a scroll of teleportation
 l - 4 scrolls of fog {unknown}
 m - a scroll of noise {unknown}
 n - a scroll of magic mapping {unknown}
 o - a scroll of brand weapon {unknown}
 t - a scroll of torment {unknown}
Potions
 d - 2 potions of might
 p - 2 potions of curing {unknown}
 q - a potion of magic
 s - a potion of brilliance


   Skills:
 + Level 4.6 Fighting
 + Level 6.0 Long Blades
 + Level 5.5 Armour
 + Level 1.9 Dodging
 + Level 4.4 Shields


You had 5 spell levels left.
You didn't know any spells.
Your spell library contained the following spells:

 Spells                   Type           Power      Damage    Failure   Level
 Kiss of Death            Conj/Necr      0%         2d5       86%         1
 Poisonous Vapours        Pois/Air       0%         N/A       94%         2
 Confusing Touch          Hex            0%         N/A       99%         3
 Ignite Poison            Fire/Tmut/Pois 0%         N/A       99%         3
 Mephitic Cloud           Conj/Pois/Air  0%         N/A       99%         3
 Dispel Undead            Necr           0%         3d6       100%        4
 Sticky Flame             Conj/Fire      0%         2d3       100%        4
 Freezing Cloud           Conj/Ice/Air   0%         6-21      100%        5
 Ignition                 Fire           0%         3d3       100%        8


Dungeon Overview and Level Annotations

Branches:
Dungeon (4/15)
 Temple: D:4-7

Altars:
Dithmenos
Qazlal
Xom

Annotations:
D:3 2 transporters, ripuliukko's ghost, weakling DEEE


Innate Abilities, Weirdness & Mutations

You have a pair of horns on your head.
You reflexively headbutt those who attack you in melee.


Message History

The kobold brigand is heavily wounded.
The kobold brigand hits you with a +0 whip.
A worm comes into view.
The kobold brigand closely misses you.
Unknown command.
You barely miss the kobold brigand.
The kobold brigand is heavily wounded.
The kobold brigand hits you with a +0 whip.
You closely miss the kobold brigand. You headbutt the kobold brigand!
The kobold brigand is almost dead.
The kobold brigand hits you with a +0 whip. x2
You completely miss the kobold brigand.
You headbutt the kobold brigand, but do no damage.
The kobold brigand is almost dead.
The kobold brigand completely misses you.
You furiously retaliate!
You headbutt the kobold brigand!
You kill the kobold brigand!
The white imp barely misses you. You furiously retaliate!
You headbutt the white imp!
Your Long Blades skill increases to level 6!
You hit the white imp but do no damage. You headbutt the white imp.
You kill the white imp!
The hound bites you. You block the hound's attack.
Unknown command.
You slice the hound!!
You kill the hound!
The ogre hits you with a +0 giant club.
Unknown command.
You hit the ogre.
The ogre is lightly wounded.
The ogre barely misses you.
Unknown command.
You hit the ogre. Your headbutt misses the ogre.
The ogre is lightly wounded.
You block the ogre's attack.
Unknown command.
You slice the ogre!!
The ogre is severely wounded.
The ogre hits you with a +0 giant club!!
You die...

.. # .. ... .....5. .# .# #..
#......... ###.# #..##..##..>.
..... #......#..# # #P.#
###.........###.# .#
................. .#
...##......##w.#
.+....###..#...#O## #..
.+.....##..#..#.@.##...
.#....##.....##..##.... ...#..
.#.#...#.........#..<.# ...#...
................##.....#.......
...................# ........
.......#.....#....## #.....#
..##..###.#.###...#####.....##
......# #.######.............##
......# #.........###..........


You could see an ogre and a worm.

Vanquished Creatures
  An ogre (D:4)
  A kobold brigand (D:4)
  2 hounds (D:4)
  A jelly (D:4)
  An iguana (D:4)
  2 orc wizards (D:3)
  4 adders
  A white imp (D:4)
  2 worms
  A dart slug (D:2)
  6 orcs (D:3)
  7 bats
  3 endoplasms
  A giant cockroach (D:3)
  3 hobgoblins
  3 jackals (D:2)
  6 kobolds
  4 ball pythons
  3 frilled lizards
  6 goblins
  4 rats
62 creatures vanquished.

Notes
Turn   | Place    | Note
-------+----------+-------------------------------------------
     0 | D:1      | Peloso the Minotaur Fighter began the quest for the Orb.
     0 | D:1      | Reached XP level 1. HP: 19/19 MP: 0/0
   646 | D:2      | Reached XP level 2. HP: 23/27 MP: 1/1
  1002 | D:2      | Reached XP level 3. HP: 33/33 MP: 2/2
  1499 | D:2      | Reached skill level 3 in Long Blades
  1777 | D:3      | Reached XP level 4. HP: 38/40 MP: 3/3
  1780 | D:3      | Found a stormy altar of Qazlal.
  1943 | D:3      | Found a shadowy altar of Dithmenos.
  2124 | D:3      | Found a shimmering altar of Xom.
  2193 | D:3      | Reached XP level 5. HP: 47/47 MP: 4/4
  2196 | D:3      | Reached skill level 5 in Armour
  2198 | D:3      | Reached skill level 4 in Long Blades
  2281 | D:3      | Found a faded altar of an unknown god.
  2378 | D:3      | Found a transporter.
  2381 | D:3      | Noticed ripuliukko's ghost (weakling DEEE)
  2386 | D:3      | Found a transporter.
  2602 | D:4      | Noticed an ogre
  2667 | D:4      | Killed an ogre
  2668 | D:4      | Reached skill level 5 in Long Blades
  2668 | D:4      | Reached skill level 1 in Dodging
  2715 | D:4      | Reached XP level 6. HP: 43/53 MP: 5/5
  2818 | D:4      | Reached skill level 6 in Long Blades
  2822 | D:4      | Slain by an ogre

Illustrated notes

Levels and vault maps discovered:
D:1:      dpeg_arrival_arbitrary_a, layout_rooms
D:2:      layout_basic, kennysheep_generic_room_6
D:3:      layout_basic, nicolae_dithmenos_through_a_glass_darkly,
          xom_teletrap_fun, mainiacjoe_overflow_brackets,
          dilly_ecumenical_altar_fadedgnrine, gammafunk_ghost_mausoleum
D:4:      cheibrodos_old_hovel, layout_cave_pools, serial_shops,
          nicolae_shop_tiny_glass, hangedman_decor_slide_cut

Skill      XL: |  1  2  3  4  5  6 |
---------------+-------------------+-----
Fighting       | 4 |  4.6
Armour         | 4 5 |  5.5
Shields        | 4 |  4.4
Long Blades    | 3 5 6 |  6.0
Dodging        | 1 |  1.9

Action                     |  1- 3 |  4- 6 || total
---------------------------+-------+-------++-------
  Melee: Long sword        |    69 |    58 ||   127
         Headbutt          |     6 |    14 ||    20
    Use: Potion            |     4 |     1 ||     5
         Scroll            |     1 |       ||     1
 Armour: Scale mail        |    47 |    26 ||    73
  Dodge: Dodged            |    41 |    28 ||    69
  Block: Buckler           |    17 |    16 ||    33
